 Dungeon Crawl Stone Soup version 0.26-a0-639-g72c4674329 (webtiles) character file.

Game seed: 5691395757383520732

5215 Flugslaktarn the Fighter (level 10, -1/83 HPs)
             Began as a Formicid Fighter on Sept 21, 2020.
             Was a High Priest of Cheibriados.
             Slain by an orc warrior
             ... wielding a +0 short sword
              (8 damage)
             ... on level 9 of the Dungeon.
             The game lasted 00:04:04 (8772 turns).

Flugslaktarn the Fighter (Formicid Fighter)         Turns: 8772, Time: 00:04:05

Health: -1/83      AC: 14    Str: 34    XL:     10   Next: 91%
Magic:  6/14       EV: 12    Int: 20    God:    Cheibriados [*****.]
Gold:   494        SH: 13    Dex: 23    Spells: 9/9 levels left

rFire    + . .     SeeInvis +   v - +3 battleaxe (pain)
rCold    . . .     Faith    .   c - +0 kite shield
rNeg     . . .     Spirit   .   y - +0 chain mail
rPois    .         Reflect  .   (helmet unavailable)
rElec    .         Harm     .   n - +0 cloak
rCorr    .         Rampage  .   j - +1 pair of gloves
MR       +....                  (no boots)
Stlth    ..........             e - amulet of the acrobat
HPRegen  0.23/turn              (no ring)
MPRegen  0.14/turn              (no ring)

@: very slow
A: permanent stasis, dig shafts and tunnels, four strong arms, antennae 3,
hooves 1, agile 1, fire resistance 1
a: Dig, Shaft Self, Bend Time, Temporal Distortion, Slouch, Step From Time,
Renounce Religion


You were on level 9 of the Dungeon.
You worshipped Cheibriados.
Cheibriados was extremely pleased with you.
You visited 1 branch of the dungeon, and saw 9 of its levels.

You collected 494 gold pieces.

Inventory:

Hand Weapons
 a - a +0 war axe
 v - a +3 battleaxe of pain (weapon)
   (You found it on level 4 of the Dungeon)
Armour
 c - a +0 kite shield (worn)
 j - a +1 pair of gloves (worn)
   (You found it on level 2 of the Dungeon)
 n - a +0 cloak (worn)
   (You took it off Crazy Yiuf on level 3 of the Dungeon)
 y - a +0 chain mail (worn)
   (You found it on level 5 of the Dungeon)
Jewellery
 e - an amulet of the acrobat (around neck)
   (You found it on level 1 of the Dungeon)
Wands
 w - a wand of acid (15)
   (You found it on level 3 of the Dungeon)
Scrolls
 k - a scroll of fog
 o - a scroll of enchant armour
 r - a scroll of identify
 t - 2 scrolls of enchant weapon
 x - 3 scrolls of remove curse
 E - a scroll of immolation
Potions
 b - 2 potions of lignification {unknown}
 d - 2 potions of might
 f - a potion of mutation
 i - a potion of brilliance {unknown}
 l - a potion of magic {unknown}
 m - 2 potions of ambrosia
 p - 3 potions of heal wounds {unknown}
 q - 2 potions of curing
 C - 2 potions of stabbing {unknown}


   Skills:
 * Level 9.2 Fighting
 * Level 8.0 Axes
 + Level 6.7 Armour
 + Level 4.7 Dodging
 + Level 7.3 Shields
 + Level 6.3 Invocations


You had 9 spell levels left.
You didn't know any spells.
Your spell library was empty.

Dungeon Overview and Level Annotations

Branches:
Dungeon (9/15)             Temple (0/1) D:7
   Lair: D:8-11         Orc: D:9-12

Altars:
Ashenzari
Cheibriados
Dithmenos
Vehumet
The Shining One

Shops:
D:5 (

Annotations:
D:5 3 runed translucent doors, qborf's ghost, novice DDFi


Innate Abilities, Weirdness & Mutations

You cannot be hasted, slowed, berserked, paralysed or teleported.
You can dig through walls and to a lower floor.
Your four strong arms can wield two-handed weapons with a shield.
You have a pair of large antennae on your head. (SInv)
You have large cloven feet.
You are agile. (Dex +2)
Your flesh is heat resistant. (rF+)


Message History

You can feel time thicken for a moment.
You kill the orc!
Cheibriados appreciates the change of pace.
You kill the orc!
Cheibriados thoroughly appreciates the change of pace.
Cheibriados lowers the support of your attributes as your movement quickens.
The orc warrior hits you with a +0 short sword.
* * * LOW HITPOINT WARNING * * *
The orc warrior closely misses you.
You closely miss the orc warrior. Your kick misses the orc warrior.
The orc warrior is severely wounded.
You block the orc warrior's attack. x2
You hit the orc warrior but do no damage.
You kick the orc warrior.
The orc warrior is almost dead.
The orc warrior hits you with a +0 short sword!
* * * LOW HITPOINT WARNING * * *
You block the orc warrior's attack.
The orc warrior hits you with a +0 short sword!
You die...

##...##...###..####..##
##.................##
#.....#...#...###.#
###....#..).....# #.#
...#######)#...## ###
#### {#)##.)# .8.###o##
.)))...o[###
))8)..##o@.# o))#..#
##...# ...o#.. ..### #.
..## # ..# # ... # ....
# .... .


You could see 2 orc warriors and an orc.

Vanquished Creatures
  Erica (D:9)
  A two-headed ogre (D:8)
  Joseph (D:7)
  5 yaks (D:9)
  A water moccasin (D:9)
  2 orc warriors
  An ice beast (D:6)
  2 phantoms
  The ghost of PrinceRibbit the Poker, an amateur MfAK of Lugonu (D:3)
  7 ogres
  4 centaurs (D:8)
  A big kobold (D:8)
  2 bullfrogs
  2 scorpions
  4 wights (D:7)
  A howler monkey (D:7)
  A centaur zombie (D:5)
  A jelly (D:5)
  A hound (D:5)
  2 bullfrog skeletons
  Crazy Yiuf (D:3)
  5 orc priests
  A gnoll shaman (D:8)
  An iguana (D:8)
  3 orc wizards
  2 worker ants
  2 hound zombies
  A mummy (D:8)
  A howler monkey zombie (D:6)
  A worker ant zombie (D:9)
  12 adders
  4 gnolls (D:8)
  A white imp (D:8)
  2 ufetubi (D:9)
  2 oozes
  An adder skeleton (D:4)
  2 worms
  2 dart slugs
  3 leopard geckos
  36 orcs
  2 giant cockroaches
  8 goblins
  7 hobgoblins
  12 jackals
  3 quokkas
  A ball python (D:3)
  7 bats
  2 frilled lizards
  12 kobolds
  2 kobold zombies (D:8)
  2 orc zombies (D:8)
  3 rats
185 creatures vanquished.

Notes
Turn   | Place    | Note
-------+----------+-------------------------------------------
     0 | D:1      | Flugslaktarn the Formicid Fighter began the quest for the
                  | Orb.
     0 | D:1      | Reached XP level 1. HP: 18/18 MP: 1/1
   265 | D:1      | Reached XP level 2. HP: 20/24 MP: 2/2
   445 | D:2      | Found a shattered altar of Ashenzari.
   446 | D:2      | Found a snail-covered altar of Cheibriados.
   501 | D:2      | Found a glowing golden altar of the Shining One.
   512 | D:2      | Became a worshipper of Cheibriados the Contemplative
   601 | D:2      | Reached XP level 3. HP: 10/30 MP: 3/3
  1562 | D:2      | Reached skill level 4 in Fighting
  1562 | D:2      | Reached XP level 4. HP: 37/37 MP: 4/4
  1611 | D:2      | Reached * piety under Cheibriados
  1979 | D:3      | Reached skill level 1 in Invocations
  2063 | D:3      | Found a runed translucent door.
  2064 | D:3      | Noticed Crazy Yiuf
  2075 | D:3      | Killed Crazy Yiuf
  2075 | D:3      | Reached XP level 5. HP: 16/42 MP: 5/5
  2315 | D:3      | Found a faded altar of an unknown god.
  2678 | D:3      | Reached skill level 1 in Dodging
  2792 | D:3      | You fall into a shaft and drop 1 floor!
  2869 | D:4      | Reached XP level 6. HP: 49/49 MP: 7/7
  3126 | D:3      | Reached ** piety under Cheibriados
  3152 | D:3      | Found a large runed translucent door.
  3152 | D:3      | Found a large runed translucent door.
  3155 | D:3      | Noticed PrinceRibbit's ghost (amateur MfAK)
  3485 | D:3      | Killed PrinceRibbit's ghost
  3832 | D:4      | Noticed an ogre
  3833 | D:4      | Found a shadowy altar of Dithmenos.
  3839 | D:4      | Killed an ogre
  3839 | D:4      | Reached skill level 5 in Fighting
  3839 | D:4      | Reached XP level 7. HP: 30/56 MP: 8/8
  5046 | D:5      | Entered Level 5 of the Dungeon
  5065 | D:5      | Found Micic's Antique Weapon Emporium.
  5127 | D:5      | Gained mutation: You have large cloven feet. [potion of
                  | mutation]
  5127 | D:5      | Gained mutation: You are agile. (Dex +2) [potion of
                  | mutation]
  5127 | D:5      | Gained mutation: Your flesh is heat resistant. (rF+)
                  | [potion of mutation]
  5168 | D:5      | Reached skill level 5 in Shields
  5243 | D:5      | Reached XP level 8. HP: 60/64 MP: 10/10
  5264 | D:5      | Found a runed translucent gate.
  5264 | D:5      | Found a runed translucent gate.
  5265 | D:5      | Found a runed translucent gate.
  5266 | D:5      | Noticed qborf's ghost (novice DDFi)
  5319 | D:5      | Reached *** piety under Cheibriados
  5478 | D:5      | Reached skill level 6 in Fighting
  5478 | D:5      | Reached skill level 5 in Axes
  6153 | D:6      | Reached skill level 5 in Armour
  6586 | D:7      | Noticed Joseph
  6597 | D:7      | Killed Joseph
  6597 | D:7      | Reached skill level 7 in Fighting
  6597 | D:7      | Reached XP level 9. HP: 43/72 MP: 10/12
  7160 | D:7      | Found a radiant altar of Vehumet.
  7364 | D:7      | Found a glowing golden altar of the Shining One.
  7398 | D:7      | Found a staircase to the Ecumenical Temple.
  7653 | D:8      | Reached **** piety under Cheibriados
  7759 | D:8      | Reached skill level 5 in Invocations
  7866 | D:8      | Noticed a two-headed ogre
  7875 | D:8      | Killed a two-headed ogre
  7875 | D:8      | Reached skill level 8 in Fighting
  7875 | D:8      | Reached XP level 10. HP: 49/80 MP: 12/14
  7881 | D:8      | Reached ***** piety under Cheibriados
  8751 | D:9      | Noticed Erica
  8762 | D:9      | Killed Erica
  8762 | D:9      | Reached skill level 9 in Fighting
  8772 | D:9      | Slain by an orc warrior

Illustrated notes

Levels and vault maps discovered:
D:1:      zelgadis_glass_arrival_small, layout_basic, st_stairs_1,
          hangedman_decor_slide_cut, hex_large
D:2:      layout_basic, gammafunk_temple_overflow_forgotten
D:3:      layout_basic, ebering_ghost_disaster_area,
          chequers_ecumenical_altar_simple,
          hangedman_abyss_or_decor_lesser_grid, uniq_crazy_yiuf_cottage
D:4:      wad_river_or_something, layout_loops_corners, grunt_decor_arrowhead,
          grunt_dithmenos_smoke
D:5:      layout_gridville, gammafunk_ghost_necromancy, serial_shops,
          kennysheep_mini
D:6:      layout_basic, minmay_misc_feat_tower
D:7:      layout_loops_ring, fiery_altar_vehumet, minmay_temple_entry_overgrown,
          minmay_misc_feat_chi, tso_altar, uniq_joseph
D:8:      layout_cave_pools, minmay_mini_ossuary
D:9:      layout_layer_cave, gammafunk_temple_overflow_claw, david_orc_5,
          makhleb_blood_cavern_becter, uniq_erica, uniq_prince_ribbit1,
          uniq_psyche

Skill      XL: |  1  2  3  4  5  6  7  8  9 10 |
---------------+-------------------------------+-----
Shields        | 4 5 6 7 |  7.3
Fighting       | 4 5 7 8 9 |  9.2
Invocations    | 1 2 4 5 6 |  6.3
Axes           | 3 4 5 7 8 |  8.0
Dodging        | 1 2 3 4 |  4.7
Armour         | 4 5 6 |  6.7

Action                   |  1- 3 |  4- 6 |  7- 9 | 10-12 || total
-------------------------+-------+-------+-------+-------++-------
Melee: War axe           |    78 |   159 |       |       ||   237
       Battleaxe         |       |       |   187 |    61 ||   248
       Kick              |       |       |    82 |    29 ||   111
Invok: Slouch            |       |       |       |     2 ||     2
Evoke: Wand              |       |       |     2 |     1 ||     3
  Use: Scroll            |     1 |       |     7 |     9 ||    17
       Potion            |       |       |     1 |       ||     1
Armor: Scale mail        |    41 |    62 |     5 |       ||   108
       Chain mail        |       |       |    63 |    10 ||    73
Dodge: Dodged            |    27 |    53 |   105 |    32 ||   217
Block: Kite shield       |    61 |   104 |   131 |    52 ||   348

Table legend: (Time is in decaauts)
 A = Elapsed time spent in this place.
 B = Non-inter-level travel time spent in this place.
 C = Inter-level travel time spent in this place.
 D = Time resting spent in this place.
 E = Time spent auto-exploring this place.
 F = Levels seen in this place.
 G = Mean time per level.
                   A        B        C        D        E       F      G
               +--------+--------+--------+--------+--------+-----+--------+
         Total |  11544 |  10851 |    693 |    738 |   8684 |   9 | 1282.7 |
       Dungeon |  11544 |  10851 |    693 |    738 |   8684 |   9 | 1282.7 |
               +--------+--------+--------+--------+--------+-----+--------+

Top non-repeatable levels by time:
     D:4: 2204 daAuts
     D:2: 1878 daAuts
     D:3: 1574 daAuts
     D:8: 1480 daAuts
     D:7: 1398 daAuts
     D:5: 1176 daAuts
     D:6: 998 daAuts
     D:1: 455 daAuts
     D:9: 377 daAuts
